 Dungeon Crawl Stone Soup version 0.31.0 (webtiles) character file.

Game seed: 419962309059790815

70 qw the Shooter (level 4, -1/28 HPs)
             Began as a Gargoyle Hunter on Jan 20, 2024.
             Slain by a gnoll
             ... wielding a +0 club
              (2 damage)
             ... on level 2 of the Dungeon.
             The game lasted 00:00:06 (1273 turns).

qw the Shooter (Gargoyle Hunter)                    Turns: 1273, Time: 00:00:06

Health: -1/28      AC:  6    Str: 15    XL:     4   Next: 21%
Magic:  4/4        EV: 11    Int:  9    God:
Gold:   133        SH:  0    Dex: 15    Spells: 3/3 levels left

rFire   . . .        a - +0 shortbow
rCold   . . .        (shield currently unavailable)
rNeg    + . .        c - +0 leather armour
rPois   inf          (no helmet)
rElec   +            (no cloak)
rCorr   .            (no gloves)
SInv    .            (no boots)
Will    .....        (no amulet)
Stlth   ++           (no ring)
HPRegen 0.24/turn    (no ring)
MPRegen 0.09/turn

%: no passive effects
@: no status effects
A: sickness immunity, AC +3, negative energy resistance 1, electricity
resistance, torment resistance 1, petrification resistance
a: no special abilities


You were on level 2 of the Dungeon.
You visited 1 branch of the dungeon, and saw 2 of its levels.

You collected 133 gold pieces.


Innate Abilities, Weirdness & Mutations

You are immune to sickness and miasma.
Your stone body is resilient. (AC +3)
You are immune to poison.
You resist negative energy. (rN+)
You are resistant to electric shocks. (rElec)
You are resistant to unholy torment.
You are immune to petrification.


   Skills:
 - Level 3.1 Fighting
 + Level 5.2 Ranged Weapons
 - Level 1.5 Dodging
 - Level 1.1 Stealth


You had 3 spell levels left.
You didn't know any spells.
Your spell library was empty.

Inventory:

Hand Weapons
 a - a +0 shortbow (weapon)
Armour
 c - a +0 leather armour (worn)
 f - a +0 ring mail
Jewellery
 i - a +4 ring of slaying {mikee}
Scrolls
 d - a scroll of fog {unknown}
 g - a scroll of blinking {unknown}
 h - a scroll of teleportation {unknown}
 j - a scroll of enchant weapon {unknown}
Potions
 b - a potion of resistance {unknown}
 e - 2 potions of might {unknown}

Dungeon Overview and Level Annotations

Branches:
Dungeon (2/15)

Altars:
Kikubaaqudgha


Message History

You shoot an arrow.
The arrow hits the gnoll but does no damage.
The gnoll closely misses you. The gnoll misses you.
You shoot an arrow. The arrow barely misses the gnoll.
The arrow hits the gnoll!
The gnoll is heavily wounded.
The gnoll barely misses you. The gnoll hits you with a +0 flail!
You shoot an arrow. The arrow hits the gnoll.
The gnoll is moderately wounded.
The gnoll hits you from afar with a +0 spear.
The gnoll closely misses you.
You shoot an arrow. The arrow hits the gnoll.
The gnoll is severely wounded.
The gnoll closely misses you. x2
You shoot an arrow. The arrow hits the gnoll.
You kill the gnoll!
The gnoll completely misses you.
Your Fighting skill increases to level 3!
You have reached level 4!
You feel stronger.
You shoot an arrow. The arrow barely misses the gnoll.
The arrow hits the gnoll but does no damage.
The gnoll completely misses you. The gnoll hits you but does no damage.
The gnoll hits you from afar with a +0 spear.
The gnoll hits you but does no damage.
You shoot an arrow. The arrow hits the gnoll.
The gnoll is severely wounded.
The gnoll hits you from afar with a +0 spear.
The gnoll hits you with a +0 club.
You shoot an arrow. The arrow closely misses the gnoll.
The arrow hits the gnoll.
The gnoll is lightly wounded.
The gnoll hits you from afar with a +0 spear.
The gnoll hits you with a +0 club.
You shoot an arrow. The arrow hits the gnoll.
You kill the gnoll!
The gnoll barely misses you.
You shoot an arrow.
The arrow hits the gnoll but does no damage.
The gnoll is lightly wounded.
The gnoll hits you but does no damage. The gnoll hits you with a +0 club.
You die...

####### .~~~.~############
~.~~.~.#.........#
.....~...#######.# ##########
~.~..~~~~~# #.######....)...#
~~~~~~~~~~~~# #............##.##
.~.~.~..~########.#####.###<##...
..~............g@..# # #.#####
..............g##..# ...
####.#######... #..# #..## .....#
#..# #..# #..# ###### #.g #..#
#..# #.. #<.# #..# #. #..## #..#
#. ......###..####.
..............


You could see 2 gnolls.

Vanquished Creatures
  2 gnolls (D:2)
  2 adders (D:2)
  2 dart slugs (D:1)
  2 endoplasms
  2 goblins
  2 hobgoblins
  5 jackals (D:1)
  4 ball pythons
  3 bats
  3 frilled lizards
  3 rats
30 creatures vanquished.

Notes
Turn   | Place    | Note
-------+----------+-------------------------------------------
     0 | D:1      | qw the Gargoyle Hunter began the quest for the Orb.
     0 | D:1      | Reached XP level 1. HP: 12/12 MP: 1/1
     0 | D:1      | 0 ||| qw: Version: 0.3-a-132-g3d54051
     0 | D:1      | 0 ||| qw: Game counter: 525
     0 | D:1      | 0 ||| qw: Melee chars always use a shield: true
     0 | D:1      | 0 ||| qw: God list: Okawaru
     0 | D:1      | 0 ||| qw: Allow faded altars: false
     0 | D:1      | 0 ||| qw: Do Orc after clearing Dungeon:15 true
     0 | D:1      | 0 ||| qw: Do second Lair branch before Depths: true
     0 | D:1      | 0 ||| qw: Lair rune preference: random
     0 | D:1      | 0 ||| qw: Goals: Normal
     0 | D:1      | 0 ||| PLANNING D:1-11
   124 | D:1      | Reached XP level 2. HP: 17/17 MP: 2/2
   271 | D:1      | 271 ||| READING scroll labelled QOUMOA FO NEOS.
   272 | D:1      | 272 ||| DROPPING scroll of butterflies.
   918 | D:2      | Reached skill level 5 in Ranged Weapons
   918 | D:2      | Reached XP level 3. HP: 21/21 MP: 3/3
   937 | D:2      | Found an ancient bone altar of Kikubaaqudgha.
  1260 | D:2      | 1260 ||| RETREEEEATING.
  1269 | D:2      | Reached skill level 3 in Fighting
  1269 | D:2      | Reached XP level 4. HP: 13/28 MP: 4/4
  1271 | D:2      | HP: 3/28 [gnoll/+0 spear (6)]
  1271 | D:2      | HP: 1/28 [gnoll/+0 club (2)]
  1273 | D:2      | Slain by a gnoll

Levels and vault maps discovered:
D:1:      lemuel_arrival_hallway, layout_loops_ring, serial_bayou,
          serial_bayou_shore_a, serial_bayou_lake_a, serial_bayou_pond_a,
          serial_bayou_lagoon_b
D:2:      layout_loops_ring, basic_altar, chequers_serial_rivers_small_3

Skill      XL: |  1  2  3 |
---------------+----------+-----
Ranged Weapons | 5 |  5.2
Fighting       | 3 |  3.1
Dodging        | |  1.5
Stealth        | |  1.1

Action                     |  1- 3 |  4- 6 || total
---------------------------+-------+-------++-------
   Fire: Shortbow          |    94 |     5 ||    99
    Use: Scroll            |     1 |       ||     1
 Armour: Leather armour    |    20 |     9 ||    29
  Dodge: Dodged            |    25 |     2 ||    27

Table legend:
 A = Non-vault XP
 B = Vault XP
 C = Vault XP percentage of total XP
 D = Non-vault monster count
 E = Vault monster count
 F = Vault count percentage of total count
                 A         B        C        D         E       F
            +---------+---------+-------+---------+---------+-------
      Total |     100 |       0 |   0.0 |      30 |       0 |   0.0
            +---------+---------+-------+---------+---------+-------
        D:1 |      29 |       0 |   0.0 |      15 |       0 |   0.0
        D:2 |      71 |       0 |   0.0 |      15 |       0 |   0.0
            +---------+---------+-------+---------+---------+-------
